 Dungeon Crawl Stone Soup version 0.28-a0-863-g8cecda6153 (webtiles) character file.

Game seed: 16474278055034844492

18073 Htamos the Geomancer (level 12, -6/80 HPs)
             Began as a Gargoyle Earth Elementalist on Nov 20, 2021.
             Was a Believer of Qazlal.
             Mangled by a white ugly thing (8 damage)
             ... on level 14 of the Dungeon.
             The game lasted 00:48:02 (16819 turns).

Htamos the Geomancer (Gargoyle Earth Elementalist) Turns: 16819, Time: 00:48:03

Health: -6/80      AC: 16    Str: 17    XL:     12   Next: 54%
Magic:  13/34      EV: 10    Int: 18    God:    Qazlal [**....]
Gold:   151        SH:  6    Dex: 10    Spells: 20/30 levels left

rFire   . . .      SeeInvis .   A - +3 whip (holy)
rCold   . . .      Faith    .   v - +0 buckler
rNeg    + . .      Spirit   .   I - +0 troll leather armour
rPois   ∞          Reflect  .   x - +1 helmet
rElec   +          Harm     .   n - +0 cloak
rCorr   .          Rampage  .   S - +0 pair of gloves
Will    .....                   (no boots)
Stlth   +++.......              (no amulet)
HPRegen 1.23/turn               r - ring of wizardry
MPRegen 0.24/turn               z - ring of magical power

@: slowed, very slow
A: sickness immunity, AC +8, negative energy resistance 1, electricity
resistance, torment resistance 1, petrification resistance, hooves 1, strong 1
a: Renounce Religion, Upheaval


You were on level 14 of the Dungeon.
You worshipped Qazlal.
Qazlal was pleased with you.
You visited 3 branches of the dungeon, and saw 16 of its levels.
You visited 1 bazaar.
You also visited: Bailey.

You collected 2267 gold pieces.
You spent 2116 gold pieces at shops.

Inventory:

Hand Weapons
 g - a +0 dagger
 j - a +2 battleaxe of freezing
 A - a +3 whip of holy wrath (weapon)
 E - the +3 great sword of Gehenna {antimagic, Fragile Int+6 Dex+3}
   (You found it on level 9 of the Dungeon)

   It reduces the magical energy of the wielder, and disrupts the spells and
   magical abilities of those it strikes.
   Natural abilities and divine invocations are not affected.
   Int:       It affects your intelligence (+6).
   Dex:       It affects your dexterity (+3).
   Fragile:   It will be destroyed if unequipped.
 N - a +0 vorpal glaive
Missiles
 c - 129 stones
 h - 167 sling bullets
 l - 52 poisoned darts
 R - 2 throwing nets
Armour
 a - a +0 scale mail
 b - a +0 robe
 k - a +0 ring mail
 m - a +1 hat
 n - a +0 cloak (worn)
 o - a +4 chain mail
 u - a +3 ring mail of fire resistance
 v - a +0 buckler (worn)
 w - a +0 plate armour
 x - a +1 helmet (worn)
 I - a +0 troll leather armour (worn)
 L - the +1 robe of Autumn {Harm rPois rF- Will-}
   (You found it on level 10 of the Dungeon)

   rF:        It makes you vulnerable to fire.
   rPois:     It protects you from poison.
   Harm:      It increases damage dealt and taken.
   Will:      It decreases your willpower.
 M - a +3 leather armour of ponderousness
 O - the -4 pair of boots of the Nexus {rC- Will+ Slay+3 Stlth+}
   (You bought it in a shop on level 11 of the Dungeon)

   Slay:      It affects your accuracy & damage with ranged weapons and melee
   (+3).
   rC:        It makes you vulnerable to cold.
   Will:      It increases your willpower.
   Stlth:     It makes you more stealthy.
 S - a +0 pair of gloves (worn)
Jewellery
 f - a +4 ring of protection
 r - a ring of wizardry (left hand)
 z - a ring of magical power (right hand)
 C - a +4 ring of protection
 F - a ring of protection from cold
 Q - a ring of protection from cold
Wands
 B - a wand of flame (52)
 D - a wand of polymorph (1)
 H - a wand of charming (6)
Scrolls
 q - a scroll of magic mapping
 s - 2 scrolls of blinking
 t - 4 scrolls of teleportation
 y - 5 scrolls of identify {@rr}
Potions
 d - 3 potions of degeneration
 e - 2 potions of flight
 i - 4 potions of attraction
 G - a potion of brilliance
 P - 2 potions of berserk rage {unknown}
Miscellaneous
 J - a lightning rod (4/4)


   Skills:
 * Level 11.0 Fighting
 + Level 3.3 Maces & Flails
 - Level 1.5 Dodging
 + Level 8.7 Stealth
 * Level 9.7 Spellcasting
 + Level 5.6 Transmutations
 * Level 12.5 Earth Magic


You had 20 spell levels left.
You knew the following spells:

 Your Spells              Type           Power      Damage    Failure   Level
a - Sandblast             Erth           100%       2d20      1%          1
b - Passwall              Tmut/Erth      34%        N/A       1%          2
c - Stone Arrow           Conj/Erth      62%        3d10      1%          3
d - Petrify               Tmut/Erth      41%        N/A       1%          4

Your spell library contained the following spells:

 Spells                   Type           Power      Damage    Failure   Level
 Lee's Rapid Deconstruct  Erth           26%        3d15*     1%          5
 Leda's Liquefaction      Hex/Erth       15%        N/A       5%          4
 Spider Form              Tmut/Pois      18%        N/A       6%          3
 Ensorcelled Hibernation  Hex/Ice        16%        N/A       11%         2
 Scorch                   Fire           16%        2d6       11%         2
 Blade Hands              Tmut           14%        N/A       17%         5
 Gell's Gravitas          Tloc           8%         N/A       21%         3
 Lesser Beckoning         Tloc           8%         N/A       21%         3
 Teleport Other           Tloc           8%         N/A       21%         3
 Irradiate                Conj/Tmut      9%         3d16      47%         5
 Flame Wave               Conj/Fire      8%         3d4       52%         4
 Olgreb's Toxic Radiance  Pois           8%         N/A       52%         4
 Passage of Golubria      Tloc           8%         N/A       52%         4
 Summon Ice Beast         Ice/Summ       8%         N/A       52%         4
 Silence                  Hex/Air        4%         N/A       86%         5
 Summon Mana Viper        Hex/Summ       8%         N/A       86%         5
 Dragon Form              Tmut           14%        N/A       99%         7
 Summon Cactus Giant      Summ           4%         N/A       100%        6
 Monstrous Menagerie      Summ           4%         N/A       100%        7
 Ozocubu's Refrigeration  Ice            4%         4d5       100%        7
 Ignition                 Fire           4%         3d4       100%        8
 Lehudib's Crystal Spear  Conj/Erth      15%        10d5      100%        8
 Statue Form              Tmut/Erth      Unusable   N/A       N/A         6

Dungeon Overview and Level Annotations

Branches:
Dungeon (14/15)            Temple (1/1) D:4            Lair (0/6) D:9
    Orc (2/2) D:10         Vaults (0/5) D:13         Bailey (visited)
    Elf: Orc:2

Altars:
Ashenzari
Cheibriados
Dithmenos
Elyvilon
Fedhas
Gozag
Hepliaklqana
Kikubaaqudgha
Makhleb
Nemelex Xobeh
Okawaru
Qazlal
Ru
Sif Muna
Trog
Uskayaw
Vehumet
Wu Jian
Xom
Yredelemnul
Zin
The Shining One

Shops:
D:7 =   D:8 =   D:11 *


Innate Abilities, Weirdness & Mutations

You are immune to sickness and miasma.
Your stone body is resilient. (AC +8)
You are immune to poison.
You resist negative energy. (rN+)
You are resistant to electric shocks. (rElec)
You are resistant to unholy torment.
You are immune to petrification.
You have large cloven feet.
Your muscles are strong. (Str +2)


Message History

Confirm with . or Enter, or press ? or * to list all spells.
Aiming: Stone Arrow (safe; 1% risk of failure)
Press: ? - help, Shift-Dir - straight line, f/p - freezing wraith
Aim: a freezing wraith (almost destroyed, 74% to hit)
The stone arrow misses the freezing wraith.
The stone arrow hits the white ugly thing!!
The white ugly thing is almost dead.
You hear a horrible gurgling sound! x2
The freezing wraith hits you. The freezing wraith freezes you!!
The freezing wraith barely misses you. The freezing wraith hits you!
* * * LOW HITPOINT WARNING * * *
The freezing wraith freezes you!
* * * LOW HITPOINT WARNING * * *
The freezing wraith hits you but does no damage.
You hear a horrible gurgling sound!
Unknown command.
Casting: Stone Arrow (safe; 1% risk of failure)
Confirm with . or Enter, or press ? or * to list all spells.
Aiming: Stone Arrow (safe; 1% risk of failure)
Press: ? - help, Shift-Dir - straight line, f/p - freezing wraith
Aim: a freezing wraith (almost destroyed, 74% to hit)
The stone arrow hits the freezing wraith!
You destroy the freezing wraith!
Qazlal accepts your kill.
You hear a horrible gurgling sound!
Casting: Stone Arrow (safe; 1% risk of failure)
Confirm with . or Enter, or press ? or * to list all spells.
Aiming: Stone Arrow (safe; 1% risk of failure)
Press: ? - help, Shift-Dir - straight line, f - white ugly thing
Aim: a white ugly thing (severely wounded, 74% to hit)
The stone arrow hits the white ugly thing!
The white ugly thing is almost dead.
You hear a horrible gurgling sound!
The white ugly thing gores you.
* * * LOW HITPOINT WARNING * * *
The white ugly thing freezes you!!
* * * LOW HITPOINT WARNING * * *
A white ugly thing comes into view.
The white ugly thing gores you!
You die...

...... ...#.########.)..
#..#.. #........##...<.
####W...## #........##..)..
.........###........##.)...
#...W.............##.....
#.# #......†.[...... .. #.#
#........###....
...#####u####(.......####...
#........u@................
......##.########...########
##.##....########.#.####
........#.......).....#
......................#
......................#
...................>..#
.^....................#
......................#


You could see 2 ugly things.

Vanquished Creatures
  Erolcha (D:13)
  2 centaur warriors (D:13)
  3 two-headed ogres
  A wizard (D:13)
  An orc knight (D:13)
  A deep elf pyromancer (D:14)
  3 cyclopes (D:13)
  An orc sorcerer (Orc:1)
  2 centaur zombies (D:10)
  Maurice (D:8)
  An unseen horror (D:11)
  A gargoyle (D:14)
  A freezing wraith (D:14)
  A tengu conjurer (D:10)
  An efreet (D:10)
  A yaktaur (D:10)
  4 trolls
  A slime creature (D:14)
  Prince Ribbit (D:8)
  A hornet (D:7)
  A shadow (D:13)
  A water elemental (D:13)
  A wraith (D:10)
  6 yaks
  A wyvern (D:9)
  A basilisk (D:14)
  A basilisk (shapeshifter) (D:13)
  A steam dragon (D:6)
  Menkaure (D:7)
  3 wargs
  3 water moccasins
  An ice beast (D:6)
  11 orc warriors
  3 ogres
  4 wolves (D:8)
  A hornet zombie (D:7)
  9 centaurs
  A kobold brigand (D:8)
  A bullfrog (D:9)
  2 scorpions
  2 water moccasin zombies (D:6)
  11 killer bees
  A water moccasin skeleton (D:5)
  9 wights
  6 howler monkeys
  2 jellies (D:6)
  2 bullfrog zombies (D:5)
  6 orc priests
  2 bullfrog skeletons
  A gnoll shaman (D:6)
  A hound (D:5)
  An iguana (D:6)
  14 orc wizards
  2 killer bee zombies
  A hound zombie (D:5)
  3 gnolls (D:6)
  8 adders
  A white imp (D:6)
  An ufetubus (D:6)
  An adder skeleton (D:4)
  A worm (D:2)
  A dart slug (D:1)
  45 orcs
  8 ball pythons
  6 bats
  5 endoplasms
  2 giant cockroaches
  11 goblins
  3 hobgoblins
  13 kobolds
  5 quokkas
  5 frilled lizards
  2 rats
264 creatures vanquished.

Vanquished Creatures (others)
  4 plants
4 creatures vanquished.

Grand Total: 268 creatures vanquished

Notes
Turn   | Place    | Note
-------+----------+-------------------------------------------
     0 | D:1      | Htamos the Gargoyle Earth Elementalist began the quest for
                  | the Orb.
     0 | D:1      | Reached XP level 1. HP: 10/10 MP: 3/3
   149 | D:1      | Reached XP level 2. HP: 16/16 MP: 0/5
   325 | D:1      | Reached skill level 1 in Fighting
   707 | D:1      | Reached skill level 4 in Earth Magic
   709 | D:1      | Reached XP level 3. HP: 20/20 MP: 3/6
  1564 | D:2      | Reached XP level 4. HP: 26/26 MP: 5/8
  2315 | D:3      | Reached XP level 5. HP: 31/31 MP: 3/9
  3069 | D:4      | Noticed an ogre
  3072 | D:4      | Killed an ogre
  3073 | D:4      | Reached skill level 1 in Transmutations
  3073 | D:4      | Reached skill level 5 in Earth Magic
  3073 | D:4      | Reached XP level 6. HP: 37/37 MP: 6/11
  3130 | D:4      | Found a snail-covered altar of Cheibriados.
  3280 | D:4      | Found a glowing golden altar of the Shining One.
  3340 | D:4      | Found a staircase to the Ecumenical Temple.
  3360 | Temple   | Entered the Ecumenical Temple
  3861 | D:5      | Entered Level 5 of the Dungeon
  3982 | D:5      | Reached XP level 7. HP: 42/42 MP: 8/12
  4019 | D:5      | Found a blossoming altar of Fedhas.
  4477 | D:5      | Reached skill level 6 in Earth Magic
  5050 | D:6      | Reached XP level 8. HP: 36/48 MP: 5/14
  5574 | D:6      | Reached skill level 5 in Fighting
  5819 | D:6      | Learned a level 2 spell: Passwall
  5823 | D:6      | Learned a level 3 spell: Stone Arrow
  5828 | D:6      | Learned a level 4 spell: Petrify
  5990 | D:7      | Noticed Menkaure
  6100 | D:7      | Noticed Joseph
  6408 | D:6      | Reached skill level 5 in Spellcasting
  6408 | D:6      | Reached skill level 7 in Earth Magic
  7485 | D:7      | Found Uxuxazor's Jewellery Boutique.
  7497 | D:7      | Found a sacrificial altar of Ru.
  7520 | D:7      | Reached skill level 5 in Stealth
  7653 | D:7      | Killed Menkaure
  7654 | D:7      | Reached XP level 9. HP: 45/55 MP: 12/17
  7815 | D:7      | Reached skill level 8 in Earth Magic
  8593 | D:7      | Noticed Joseph
  8593 | D:7      | Joseph changed into Joseph the hornet
  8597 | D:7      | Killed Joseph the hornet
  8723 | D:7      | Found a shadowy altar of Dithmenos.
  8988 | D:8      | Reached skill level 9 in Earth Magic
  8993 | D:8      | Reached XP level 10. HP: 40/63 MP: 0/20
  9306 | D:8      | Noticed Maurice
  9311 | D:8      | Killed Maurice
  9382 | D:8      | Noticed Grum
  9394 | D:8      | Noticed Grum
  9394 | D:8      | Grum changed into Grum the centaur
  9395 | D:8      | Killed Grum the centaur
  9625 | D:8      | Found a shimmering blue altar of Sif Muna.
  9627 | D:8      | Found a stormy altar of Qazlal.
  9627 | D:8      | Found a hazy altar of Hepliaklqana.
  9638 | D:8      | Became a worshipper of Qazlal Stormbringer
  9817 | D:8      | Found Beceuck's Jewellery Emporium.
  9820 | D:8      | Bought a ring of wizardry for 330 gold pieces
  9885 | D:8      | Found a sparkling altar of Nemelex Xobeh.
 10105 | D:8      | Noticed Prince Ribbit
 10110 | D:8      | Killed Prince Ribbit
 10419 | D:9      | Noticed a two-headed ogre
 10453 | D:9      | Killed a two-headed ogre
 10454 | D:9      | Reached skill level 10 in Earth Magic
 10599 | D:9      | Noticed a two-headed ogre
 11147 | D:9      | Found a staircase to the Lair.
 11221 | D:9      | Identified the +3 great sword of Gehenna {antimagic,
                  | Fragile Int+6 Dex+3}
 11376 | D:9      | Found an ornate altar of the Wu Jian Council.
 11644 | D:10     | Entered Level 10 of the Dungeon
 11695 | D:10     | Reached XP level 11. HP: 71/71 MP: 21/23
 11697 | D:10     | Reached * piety under Qazlal
 11792 | D:10     | Found a burning altar of Makhleb.
 11792 | D:10     | Noticed a green death
 12126 | D:10     | Found a radiant altar of Vehumet.
 12327 | D:10     | Reached skill level 11 in Earth Magic
 12384 | D:10     | Identified the +1 robe of Autumn {Harm rPois rF- Will-}
 12586 | D:10     | Noticed a two-headed ogre
 12602 | D:10     | Killed a two-headed ogre
 12783 | D:10     | Found a staircase to the Orcish Mines.
 12920 | Orc:1    | Entered Level 1 of the Orcish Mines
 13412 | Orc:1    | Noticed an orc sorcerer
 13421 | Orc:1    | Killed an orc sorcerer
 13534 | Orc:1    | Reached skill level 1 in Maces & Flails
 13969 | Orc:2    | Entered Level 2 of the Orcish Mines
 13969 | Orc:2    | Noticed an orc knight
 13970 | Orc:2    | Noticed an orc knight
 14056 | D:11     | Reached skill level 5 in Transmutations
 14132 | D:11     | Noticed a two-headed ogre
 14144 | D:11     | Killed a two-headed ogre
 14144 | D:11     | Reached ** piety under Qazlal
 14145 | D:11     | Reached skill level 10 in Fighting
 14345 | D:11     | Found Zataw's Assorted Antiques.
 14356 | D:11     | Bought a pair of distressingly furry boots for 218 gold
                  | pieces
 14356 | D:11     | Identified the -4 pair of boots of the Nexus {rC- Will+
                  | Slay+3 Stlth+} (You bought it in a shop on level 11 of the
                  | Dungeon)
 14514 | D:11     | You fall into a shaft and drop 2 floors!
 14546 | D:13     | Found a flagged portal.
 14556 | D:13     | Noticed a centaur warrior
 14652 | D:13     | Noticed a cyclops
 14656 | D:13     | Killed a cyclops
 14723 | Bailey   | Entered a bailey
 14723 | Bailey   | Noticed an orc knight
 14724 | Bailey   | Noticed an orc knight
 14726 | Bailey   | Gained mutation: Your muscles are strong. (Str +2) [potion
                  | of mutation]
 14726 | Bailey   | Gained mutation: You have large cloven feet. [potion of
                  | mutation]
 14746 | D:13     | Noticed a centaur warrior
 14802 | D:13     | Killed a centaur warrior
 14803 | D:13     | Reached XP level 12. HP: 66/78 MP: 16/25
 14979 | D:13     | Reached skill level 12 in Earth Magic
 15351 | D:13     | Found a gate to the Vaults.
 15474 | D:13     | Killed a centaur warrior
 15689 | D:13     | Noticed Erolcha
 15699 | D:13     | Killed Erolcha
 15769 | D:13     | Found a flickering gateway to a bazaar.
 15775 | Bazaar   | Entered a bazaar
 15789 | Bazaar   | Found Udeonn's Book Shoppe.
 15811 | Bazaar   | Found Hameen's Book Shoppe.
 15828 | Bazaar   | Found Taokla's Armour Shoppe.
 15828 | Bazaar   | Found Naucur's Magic Scroll Emporium.
 15839 | Bazaar   | Bought a scroll of acquirement for 572 gold pieces
 15840 | Bazaar   | Acquired 860 gold pieces
 15889 | Bazaar   | Bought a book of the Earth for 396 gold pieces
 15903 | Bazaar   | Bought a book of the Moon for 600 gold pieces
 16819 | D:14     | HP: 2/80 [white ugly thing (23)]
 16819 | D:14     | Mangled by a white ugly thing

Illustrated notes

Levels and vault maps discovered:
D:1:      mrwooster_arrival_statue_3, layout_loops_cross, serial_bayou_lagoon_a,
          minmay_misc_feat_square
D:2:      layout_loops_cross, nrook_mini_vaults
D:3:      layout_basic, chequers_avenue, minmay_misc_feat_alley
D:4:      layout_loops_ring, mainiacjoe_overflow_concentric_impassable,
          nicolae_tso_carved_into_rock, minmay_temple_entry_junction_2
D:5:      layout_basic, mainiacjoe_overflow_boulevard
D:6:      layout_gridville
D:7:      layout_rooms, kennysheep_little_box, hangedman_ru_absence,
          serial_shops, shop, chequers_serial_rivers_room_a,
          kennysheep_generic_room_16, uniq_menkaure, uniq_joseph
D:8:      layout_loops_ring, nicolae_overflow_crystal_walls,
          gammafunk_temple_overflow_forgotten, serial_shops, kennysheep_mini,
          uniq_maurice, uniq_grum, uniq_prince_ribbit1
D:9:      layout_loops_ring, old_standard_altar, erik_lair_orcish_takeover
D:10:     minmay_chambers_of_sixes, layout_basic, makhleb_altar_promises_db,
          lemuel_crystal_altar, orc_0_dummy
D:11:     layout_basic, serial_shops, shop
D:13:     layout_roguey, david_vaults_4, enter_bailey_5, serial_shops,
          bzr_entry_safe, minivault_4, uniq_erolcha
D:14:     layout_rooms, gauntlet_entry_generic, chequers_serial_rivers_micro_a,
          enter_trove_1
Temple:   eino_wide_crystal_templ
Orc:1:    layout_diamond_mine, dreamdust_deal_with_the_devil
Orc:2:    grunt_orc_tribal_feast, layout_caves, uniq_sonja

Skill      XL: |  1  2  3  4  5  6  7  8  9 10 11 12 |
---------------+-------------------------------------+-----
Fighting       | 1 2 3 4 6 7 9 10 11 | 11.0
Earth Magic    | 4 5 6 7 9 10 11 12 | 12.5
Spellcasting   | 3 4 5 6 8 9 |  9.7
Stealth        | 3 4 5 6 7 8 |  8.7
Transmutations | 1 2 3 4 5 |  5.6
Maces & Flails | 2 3 |  3.3
Dodging        | |  1.5

Action                   |  1- 3 |  4- 6 |  7- 9 | 10-12 || total
-------------------------+-------+-------+-------+-------++-------
Melee: Unarmed           |    28 |       |       |       ||    28
       Dagger            |     5 |    36 |     5 |       ||    46
       Whip              |       |       |    64 |    54 ||   118
       Kick              |       |       |       |     1 ||     1
 Cast: Sandblast         |    42 |    62 |   178 |   170 ||   452
       Passwall          |       |       |     5 |       ||     5
       Stone Arrow       |       |       |     2 |   185 ||   187
       Petrify           |       |       |       |    31 ||    31
Evoke: Wand              |       |       |     4 |    17 ||    21
  Use: Scroll            |       |     3 |     5 |    10 ||    18
       Potion            |       |       |     7 |     5 ||    12
 Stab: Sleeping          |       |       |     2 |       ||     2
       Petrified         |       |       |       |     7 ||     7
       Invisible         |       |       |       |     3 ||     3
Armor: Robe              |    44 |     4 |       |       ||    48
       Ring mail         |       |    20 |    93 |    25 ||   138
       Skin              |       |       |     4 |       ||     4
       Troll leather arm |       |       |       |   113 ||   113
Dodge: Dodged            |    30 |    28 |    91 |    88 ||   237
Block: Buckler           |       |       |    28 |    42 ||    70

Table legend: (Time is in decaauts)
 A = Elapsed time spent in this place.
 B = Non-inter-level travel time spent in this place.
 C = Inter-level travel time spent in this place.
 D = Time resting spent in this place.
 E = Time spent auto-exploring this place.
 F = Levels seen in this place.
 G = Mean time per level.
                   A        B        C        D        E       F      G
               +--------+--------+--------+--------+--------+-----+--------+
         Total |  16863 |  16306 |    557 |   1636 |  11101 |  18 |  936.8 |
       Dungeon |  15509 |  15004 |    505 |   1636 |  10249 |  13 | 1193.0 |
        Temple |     86 |     77 |      9 |      0 |     70 |   1 |   86.0 |
  Orcish Mines |   1092 |   1050 |     42 |      0 |    782 |   2 |  546.0 |
        Bazaar |    162 |    162 |      0 |      0 |      0 |   1 |  162.0 |
        Bailey |     11 |     11 |      0 |      0 |      0 |   1 |   11.0 |
               +--------+--------+--------+--------+--------+-----+--------+

Top non-repeatable levels by time:
     D:6: 2974 daAuts
    D:13: 1744 daAuts
     D:8: 1384 daAuts
    D:10: 1321 daAuts
     D:9: 1266 daAuts
     D:7: 1194 daAuts
     D:1: 1122 daAuts
   Orc:1: 1088 daAuts
     D:3: 1007 daAuts
     D:5: 974 daAuts
     D:2: 861 daAuts
     D:4: 796 daAuts
    D:11: 468 daAuts
    D:14: 392 daAuts
  Bazaar: 162 daAuts
